 Dungeon Crawl Stone Soup version 0.23.2-40-g277498a001 (webtiles) character file.

Game seed: 9028622666125298297

16039 DildoBatman the Black Sun (level 12, -12/83 HPs)
             Began as a Formicid Wizard on Sept 17, 2019.
             Was a High Priest of Kikubaaqudgha.
             Killed from afar by an orc sorcerer (19 damage)
             ... with a bolt of fire
             ... on level 2 of the Orcish Mines.
             The game lasted 00:58:33 (13595 turns).

DildoBatman the Black Sun (Formicid Wizard)        Turns: 13595, Time: 00:58:34

Health: -12/83     AC:  6    Str: 13    XL:     12   Next: 65%
Magic:  29/33      EV: 13    Int: 22    God:    Kikubaaqudgha [*****.]
Gold:   1818       SH:  5    Dex:  9    Spells: 5/27 levels left

rFire    . . .     SeeInvis +   a - +1 halberd (chop)
rCold    . . .     Gourm    .   t - +0 buckler
rNeg     . . .     Faith    .   o - +0 troll leather armour
rPois    +         Spirit   .   (helmet unavailable)
rElec    .         Reflect  .   p - scarf {cloud immunity}
rCorr    .         Harm     .   h - +1 pair of gloves
MR       +....                  (no boots)
Stlth    ++........             r - amulet of regeneration
HPRegen  1.03/turn              H - ring of magical power
MPRegen  0.23/turn              c - ring of poison resistance

@: no status effects
A: permanent stasis, dig shafts and tunnels, four strong arms, antennae 3
a: Dig, Shaft Self, Receive Corpses, Torment, Renounce Religion


You were on level 2 of the Orcish Mines.
You worshipped Kikubaaqudgha.
Kikubaaqudgha was extremely pleased with you.
You were hungry.

You visited 3 branches of the dungeon, and saw 14 of its levels.
You also visited: Ossuary.

You collected 1818 gold pieces.

Inventory:

Hand Weapons
 a - a +1 halberd of chopping (weapon)
 y - a +0 shortbow
 Q - a +4 dagger of draining
Missiles
 b - 4 javelins (quivered)
 f - 116 arrows
 j - 125 sling bullets
 U - 59 bolts
Armour
 h - a +1 pair of gloves (worn)
 n - a +0 cloak
 o - a +0 troll leather armour (worn)
 p - a scarf of cloud immunity (worn)
 t - a +0 buckler (worn)
Jewellery
 c - a ring of poison resistance (right hand)
 g - an uncursed amulet of the acrobat
 r - an amulet of regeneration (around neck)
 H - a ring of magical power (left hand)
 R - an uncursed ring of flight
 V - an uncursed ring of fire
Wands
 d - a wand of paralysis (7)
 k - a wand of iceblast (2)
 F - a wand of disintegration (13)
 L - a wand of acid (9)
 Z - a wand of flame (23)
Scrolls
 e - 5 scrolls of amnesia
 m - 3 scrolls of blinking {unknown}
 q - 5 scrolls of fog
 x - 5 scrolls of remove curse
 z - a scroll of identify
 B - 5 scrolls of noise {unknown}
 C - 5 scrolls of enchant weapon {unknown}
 D - a scroll of vulnerability {unknown}
 N - 2 scrolls of magic mapping {unknown}
 P - a scroll of brand weapon {unknown}
 S - a scroll of immolation {unknown}
 W - 3 scrolls of enchant armour {unknown}
Potions
 i - 3 potions of curing
 l - 2 potions of agility
 s - 2 potions of resistance
 u - 4 potions of heal wounds
 w - 4 potions of lignification
 A - 4 potions of might
 E - a potion of mutation {unknown}
 G - 2 potions of ambrosia {unknown}
 I - a potion of cancellation {unknown}
 J - a potion of berserk rage {unknown}
 K - 3 potions of flight
 T - a potion of brilliance {unknown}
 X - 3 potions of magic {unknown}
Miscellaneous
 M - a phantom mirror
Comestibles
 v - 25 rations
 O - 13 chunks of flesh


   Skills:
 * Level 3.9 Fighting
 - Level 2.0 Polearms
 * Level 4.0 Armour
 * Level 3.9 Dodging
 - Level 2.4 Stealth
 * Level 5.5 Shields
 - Level 8.0 Spellcasting
 - Level 6.2 Conjurations
   Level 1.0 Summonings
 - Level 9.0 Necromancy
   Level 0.8 Translocations
 - Level 5.1 Fire Magic
 - Level 5.0 Air Magic
 - Level 9.0 Earth Magic
 - Level 6.0 Poison Magic


You had 5 spell levels left.
You knew the following spells:

 Your Spells              Type           Power        Failure   Level  Hunger
a - Conjure Flame         Conj/Fire      ####....     2%          3    None
b - Borgnjor's Vile Clut  Necr/Erth      #####.....   6%          5    #####..
c - Magic Dart            Conj           ####         1%          1    None
d - Vampiric Draining     Necr           #####.....   1%          3    None
e - Mephitic Cloud        Conj/Pois/Air  ####....     2%          3    None
h - Dispel Undead         Necr           #####...     6%          5    #####..
z - Sublimation of Blood  Necr           #####.....   1%          2    None

Your spell library contained the following spells:

 Spells                   Type           Power        Failure   Level  Hunger
 Animate Skeleton         Necr           N/A          1%          1    None
 Pain                     Necr           ####         1%          1    None
 Animate Dead             Necr           N/A          2%          4    ###....
 Agony                    Necr           #####...     6%          5    #####..
 Dazzling Spray           Conj/Hex       ###...       8%          3    None
 Confusing Touch          Hex            #.....       9%          1    None
 Corona                   Hex            #......      9%          1    None
 Call Imp                 Summ           ##......     9%          2    None
 Bolt of Draining         Conj/Necr      #####.....   11%         5    #####..
 Ensorcelled Hibernation  Hex/Ice        #.....       14%         2    None
 Slow                     Hex            #.......     14%         2    None
 Petrify                  Tmut/Erth      ####....     14%         4    ###....
 Gell's Gravitas          Tloc           ##........   19%         3    None
 Confuse                  Hex            #.......     26%         3    None
 Tukima's Dance           Hex            #.......     26%         3    None
 Metabolic Englaciation   Hex/Ice        #.........   94%         5    #####..
 Yara's Violent Unravell  Hex/Tmut       #.........   94%         5    #####..
 Blink                    Tloc           Unusable     N/A         2    N/A

Dungeon Overview and Level Annotations

Branches:
Dungeon (11/15)            Temple (1/1) D:5            Lair (0/6) D:10
    Orc (2/2) D:11            Elf (0/3) Orc:2

Altars:
Ashenzari
Cheibriados
Dithmenos
Elyvilon
Fedhas
Gozag
Hepliaklqana
Kikubaaqudgha
Makhleb
Nemelex Xobeh
Okawaru
Qazlal
Ru
Sif Muna
Trog
Uskayaw
Vehumet
Wu Jian
Xom
Yredelemnul
Zin
The Shining One

Shops:
D:6 [   Orc:2 ?

Annotations:
D:5 2 transporters, Araneus's ghost, novice DsFi


Innate Abilities, Weirdness & Mutations

You cannot be hasted, slowed, berserked, paralysed or teleported.
You can dig through walls and to a lower floor.
Your four strong arms can wield two-handed weapons with a shield.
You have a pair of large antennae on your head. (SInv)


Message History

The zombie hands constrict the troll! x2
The orc sorcerer casts a spell at you. The bolt of fire hits you!!!
The troll struggles to escape constriction.
The troll barely misses you. The troll closely misses you. The troll claws you!
You are feeling hungry.
Your troll leather armour prevents you from hitting the orc sorcerer.
The orc sorcerer is heavily wounded.
The zombie hands constrict the orc sorcerer!
The zombie hands constrict the troll!
You kill the troll!
Kikubaaqudgha accepts your kill.
Your Armour skill increases to level 4!
The zombie hands constrict the troll!
The orc sorcerer points at you and mumbles some strange words.
The bolt of fire hits you!!
You die...
Kikubaaqudgha rasps: "You have failed me!
Welcome... death!"

{{ {{{ #. ... ##.# ...
... $... #.# ..$..
#######.###########.....
........................
.................$......
................@.......
.................o......
..................T.8..∩
............#.......$...
........................
........................
........................
........................
...............


You could see a troll and an orc sorcerer.

Vanquished Creatures
  Harold (D:9)
  A two-headed ogre (D:9)
  Urug (Orc:1)
  Pikel (D:7)
  2 orc knights
  A deep elf mage (D:10)
  A cyclops (D:11)
  Maurice (D:11)
  Psyche (D:10)
  2 hornets
  5 trolls
  A queen bee (D:9)
  A polar bear (D:10)
  Prince Ribbit (D:5)
  4 hippogriffs
  Sigmund (D:4)
  2 vampires
  Eustachio (D:5)
  9 yaks
  Menkaure (Ossuary)
  Edmund (D:4)
  2 wargs (Orc:1)
  A water moccasin (D:7)
  A swamp drake (D:11)
  4 ice beasts
  10 orc warriors
  2 sky beasts
  4 slaves (D:7)
  A black bear (D:5)
  4 necrophages
  6 ogres
  2 phantoms
  A centaur (D:9)
  An elf zombie (D:6)
  4 bullfrogs
  A wyvern zombie (D:9)
  3 scorpions
  19 killer bees
  A water moccasin skeleton (D:5)
  3 electric eels
  4 wights
  A howler monkey (D:6)
  A centaur zombie (D:9)
  4 bullfrog zombies (D:9)
  4 crimson imps
  A quasit (D:10)
  9 hounds
  3 centaur skeletons
  A human zombie (D:6)
  11 orc priests
  2 bullfrog skeletons
  A gnoll shaman (D:8)
  6 iguanas
  14 orc wizards
  A human skeleton (D:6)
  8 worker ants
  3 mummies (Ossuary)
  A worker ant zombie (D:6)
  Robin (D:1)
  12 gnolls
  12 adders
  3 shadow imps
  A white imp (D:10)
  An ufetubus (D:10)
  An ooze (D:5)
  3 adder zombies
  An adder skeleton (D:7)
  A worm (D:4)
  3 dart slugs
  An adder simulacrum (D:10)
  3 leopard geckos
  71 orcs
  9 giant cockroaches
  16 goblins
  10 hobgoblins
  16 jackals
  8 quokkas
  10 bats
  3 frilled lizards
  6 gnoll skeletons (Ossuary)
  A gnoll zombie (Ossuary)
  5 goblin skeletons (Ossuary)
  3 goblin zombies (Ossuary)
  2 hobgoblin skeletons (Ossuary)
  5 hobgoblin zombies (Ossuary)
  4 jackal skeletons
  A jackal zombie (D:5)
  9 kobolds
  4 kobold skeletons (Ossuary)
  3 kobold zombies (Ossuary)
  A leopard gecko zombie (D:9)
  5 orc skeletons
  7 orc zombies (Ossuary)
  A quokka zombie (D:9)
  10 rats
  4 rat skeletons (Ossuary)
  6 rat zombies (Ossuary)
447 creatures vanquished.

Vanquished Creatures (collateral kills)
  A killer bee (D:9)
1 creature vanquished.

Vanquished Creatures (others)
  A killer bee (D:9)
  An electric eel (D:9)
  A hobgoblin skeleton (Ossuary)
  An orc skeleton (Ossuary)
  A withered plant (D:9)
5 creatures vanquished.

Grand Total: 453 creatures vanquished

Notes
Turn   | Place    | Note
-------+----------+-------------------------------------------
     0 | D:1      | DildoBatman the Formicid Wizard began the quest for the
                  | Orb.
     0 | D:1      | Reached XP level 1. HP: 13/13 MP: 4/4
    13 | D:1      | Reached skill level 1 in Conjurations
   240 | D:1      | Reached XP level 2. HP: 19/19 MP: 0/6
   848 | D:1      | Reached XP level 3. HP: 24/24 MP: 2/7
   853 | D:1      | Learned a level 3 spell: Conjure Flame
   857 | D:1      | Learned a level 3 spell: Mephitic Cloud
  1512 | D:2      | Reached XP level 4. HP: 23/30 MP: 0/8
  1812 | D:2      | Noticed Robin
  2024 | D:2      | Reached XP level 5. HP: 12/35 MP: 0/9
  2440 | D:2      | Found a snail-covered altar of Cheibriados.
  2872 | D:3      | Found an iron altar of Okawaru.
  2883 | D:3      | Found an ornate altar of the Wu Jian Council.
  2883 | D:3      | Found a white marble altar of Elyvilon.
  2885 | D:3      | Found a shadowy altar of Dithmenos.
  2887 | D:3      | Found a burning altar of Makhleb.
  3023 | D:3      | Noticed an ice beast
  3866 | D:4      | Reached skill level 5 in Conjurations
  3866 | D:4      | Reached XP level 6. HP: 38/41 MP: 3/10
  4340 | D:4      | Found a hide-covered altar of Uskayaw.
  4741 | D:5      | Entered Level 5 of the Dungeon
  4745 | D:5      | Noticed Edmund
  4794 | D:5      | Reached XP level 7. HP: 15/46 MP: 4/11
  4891 | D:5      | Found a staircase to the Ecumenical Temple.
  4900 | Temple   | Entered the Ecumenical Temple
  4960 | Temple   | Became a worshipper of Kikubaaqudgha
  5027 | D:5      | Reached skill level 1 in Poison Magic
  5034 | D:5      | Reached skill level 1 in Fire Magic
  5034 | D:5      | Reached skill level 1 in Air Magic
  5103 | D:5      | Noticed Eustachio
  5155 | D:5      | Noticed Prince Ribbit
  5181 | D:5      | Killed Prince Ribbit
  5181 | D:5      | Reached XP level 8. HP: 52/52 MP: 6/12
  5430 | D:5      | Found a transporter.
  5484 | D:5      | Killed Eustachio
  5524 | D:5      | Noticed Araneus's ghost (novice DsFi)
  5533 | D:5      | Found a transporter.
  5636 | D:5      | Reached skill level 5 in Poison Magic
  5798 | D:4      | Killed Edmund
  5798 | D:4      | Reached skill level 1 in Shields
  5825 | D:4      | Noticed Sigmund
  5846 | D:4      | Killed Sigmund
  5850 | D:4      | Reached XP level 9. HP: 32/57 MP: 8/13
  6121 | D:1      | Killed Robin
  6207 | D:6      | Found Jallala's Armour Shoppe.
  6266 | D:6      | Reached * piety under Kikubaaqudgha
  6266 | D:6      | Identified Kikubaaqudgha's Compendium of Sinister Magic
                  | (Kikubaaqudgha gifted it to you on level 6 of the Dungeon)
  6266 | D:6      | Received a gift from Kikubaaqudgha
  6272 | D:6      | Learned a level 3 spell: Vampiric Draining
  6275 | D:6      | Learned a level 2 spell: Sublimation of Blood
  6338 | D:6      | Reached skill level 1 in Polearms
  6438 | D:6      | Reached skill level 5 in Fire Magic
  6655 | D:6      | Found a sand-covered staircase.
  6687 | Ossuary  | Entered an ossuary
  6698 | Ossuary  | Reached skill level 5 in Air Magic
  6787 | Ossuary  | Reached ** piety under Kikubaaqudgha
  6980 | Ossuary  | Noticed Menkaure
  6991 | Ossuary  | Killed Menkaure
  7767 | D:6      | Found a shattered altar of Ashenzari.
  7853 | D:7      | Reached skill level 5 in Spellcasting
  7950 | D:7      | Noticed Pikel
  7983 | D:7      | Killed Pikel
  7983 | D:7      | Reached *** piety under Kikubaaqudgha
  7983 | D:7      | Identified Kikubaaqudgha's Incunabulum of Evil Secrets
                  | (Kikubaaqudgha gifted it to you on level 7 of the Dungeon)
  7983 | D:7      | Received a gift from Kikubaaqudgha
  7983 | D:7      | Reached XP level 10. HP: 46/63 MP: 4/19
  8130 | D:7      | Reached skill level 1 in Necromancy
  8807 | D:7      | Learned a level 5 spell: Borgnjor's Vile Clutch
  8813 | D:7      | Learned a level 5 spell: Dispel Undead
  8919 | D:8      | Found a hazy altar of Hepliaklqana.
  9613 | D:9      | Reached **** piety under Kikubaaqudgha
  9613 | D:9      | Reached skill level 5 in Necromancy
  9735 | D:9      | Noticed a two-headed ogre
  9748 | D:9      | Killed a two-headed ogre
  9908 | D:9      | Noticed Harold
 10034 | D:9      | Reached XP level 11. HP: 44/68 MP: 8/23
 10257 | D:9      | Killed Harold
 10297 | D:9      | Reached skill level 1 in Earth Magic
 10311 | D:9      | HP: 3/68 [yak (8)]
 11120 | D:10     | Entered Level 10 of the Dungeon
 11152 | D:10     | Reached skill level 5 in Earth Magic
 11223 | D:10     | Noticed Psyche
 11232 | D:10     | Noticed a deep elf mage
 11245 | D:10     | Killed Psyche
 11268 | D:10     | Reached ***** piety under Kikubaaqudgha
 11307 | D:10     | Killed a deep elf mage
 11398 | D:10     | Found a glowing silver altar of Zin.
 11482 | D:10     | Found a staircase to the Lair.
 11867 | D:11     | Noticed a cyclops
 11898 | D:11     | Killed a cyclops
 11918 | D:11     | Reached XP level 12. HP: 49/74 MP: 14/24
 12139 | D:11     | Reached skill level 1 in Fighting
 12139 | D:11     | Reached skill level 1 in Armour
 12168 | D:11     | Noticed Maurice
 12179 | D:11     | Killed Maurice
 12478 | D:11     | Found a staircase to the Orcish Mines.
 12661 | Orc:1    | Entered Level 1 of the Orcish Mines
 12661 | Orc:1    | Noticed Urug
 12683 | Orc:1    | Killed Urug
 12841 | Orc:2    | Entered Level 2 of the Orcish Mines
 12856 | Orc:2    | Found a staircase to the Elven Halls.
 12923 | Orc:2    | Reached skill level 5 in Shields
 13589 | Orc:2    | Found Lexzyuth's Magic Scroll Shop.
 13595 | Orc:2    | Killed from afar by an orc sorcerer

Skill      XL: |  1  2  3  4  5  6  7  8  9 10 11 12 |
---------------+-------------------------------------+-----
Conjurations   | 1 2 3 4 5 6 |  6.2
Poison Magic   | 3 5 6 |  6.0
Fire Magic     | 2 4 5 |  5.1
Air Magic      | 2 3 5 |  5.0
Shields        | 2 3 5 |  5.5
Polearms       | 1 2 |  2.0
Spellcasting   | 6 8 |  8.0
Necromancy     | 6 9 |  9.0
Earth Magic    | 9 |  9.0
Dodging        | 3 |  3.9
Fighting       | 3 |  3.9
Armour         | 4 |  4.0
Stealth        | |  2.4
Summonings     | |  1.0
Translocations | |  0.8

Action                   |  1- 3 |  4- 6 |  7- 9 | 10-12 || total
-------------------------+-------+-------+-------+-------++-------
Melee: Short sword       |     6 |    61 |     7 |       ||    74
       Trident           |       |    36 |   494 |   111 ||   641
       Scythe            |       |       |    21 |       ||    21
       Halberd           |       |       |       |   520 ||   520
Throw: Throwing net      |       |       |       |     1 ||     1
 Cast: Magic Dart        |    60 |   155 |    56 |    64 ||   335
       Mephitic Cloud    |       |     3 |    25 |    81 ||   109
       Conjure Flame     |       |     6 |    32 |    60 ||    98
       Vampiric Draining |       |       |       |    15 ||    15
       Dispel Undead     |       |       |       |     7 ||     7
       Sublimation of Bl |       |       |       |     6 ||     6
       Borgnjor's Vile C |       |       |       |     6 ||     6
 Abil: Dig               |     1 |     4 |     6 |    36 ||    47
Evoke: Wand              |       |       |       |     2 ||     2
  Use: Scroll            |       |     5 |     3 |     2 ||    10
       Potion            |       |       |     1 |     2 ||     3
 Stab: Sleeping          |     2 |     1 |       |     1 ||     4
       Confused          |       |       |     7 |    22 ||    29
  Eat: Chunk             |     2 |    11 |    13 |    27 ||    53
       Ration            |       |       |     1 |       ||     1
Armor: Robe              |     6 |    51 |    92 |    45 ||   194
       Troll leather arm |       |       |       |    23 ||    23
Dodge: Dodged            |    19 |    97 |   169 |   196 ||   481
Block: Buckler           |       |       |    35 |    51 ||    86
